 Dungeon Crawl Stone Soup version 0.25-a0-41-g6cf4ce537d (webtiles) character file.

Game seed: 9008718229501809355, levelgen mode: deterministic

35 Alarkh the Slasher (level 3, 20/29 HPs)
             Began as a Demonspawn Fighter on Oct 21, 2019.
             Got out of the dungeon alive.
             The game lasted 00:00:29 (557 turns).

Alarkh the Slasher (Demonspawn Fighter)              Turns: 557, Time: 00:00:30

Health: 20/29      AC:  6    Str: 16    XL:     3   Next: 17%
Magic:  3/3        EV:  6    Int: 10    God:
Gold:   17         SH:  8    Dex: 12    Spells: 2/2 levels left

rFire    . . .     SeeInvis .   a - +0 long sword
rCold    . . .     Gourm    .   c - +0 shield
rNeg     . . .     Faith    .   b - +0 scale mail
rPois    .         Spirit   .   (no helmet)
rElec    .         Reflect  .   (no cloak)
rCorr    .         Harm     .   (no gloves)
MR       .....                  (no boots)
Stlth    ..........             (no amulet)
HPRegen  0.09/turn              (no ring)
MPRegen  0.08/turn              (no ring)

@: no status effects
A: powered by pain 2
a: no special abilities


You escaped.
You were not hungry.

You visited 1 branch of the dungeon, and saw 2 of its levels.

You collected 17 gold pieces.

Inventory:

Hand Weapons
 a - a +0 long sword (weapon)
Armour
 b - a +0 scale mail (worn)
 c - a +0 shield (worn)
Potions
 d - a potion of might
 e - 2 potions of curing {unknown}
Comestibles
 f - 2 rations
 g - 2 chunks of flesh


   Skills:
 - Level 3.0 Fighting
 + Level 3.3 Long Blades
 - Level 2.6 Armour
 - Level 2.6 Shields


You had 2 spell levels left.
You didn't know any spells.
Your spell library was empty.

Dungeon Overview and Level Annotations

Branches:
Dungeon (2/15)

Altars:


Innate Abilities, Weirdness & Mutations

You sometimes gain power by taking damage.


Message History

You feel clever.
Your demonic ancestry asserts itself...
You feel even more energised by your suffering.
You feel sick. The goblin hits you but does no damage.
You hit the goblin.
You kill the goblin!
No target in view!
You feel sick.
You feel sick.
You are no longer poisoned.
There is a stone staircase leading up here.
You climb upwards.
There is a stone staircase leading down here.
Some of the chunks of flesh in your inventory have rotted away.
There is a stone staircase leading down here.
There is an open door here.
Some of the chunks of flesh in your inventory have rotted away.
There is an open door here.
There is a staircase leading out of the dungeon here.
Are you sure you want to leave the Dungeon?
This will make you lose the game!
You have escaped!

.# #....###
######......#
####....#
#....#......#
#......## #
#.##.##.....# #.#...+#
#.######.##..#'....#
#.#...#
#........###..#...###
#.#..##
####.###########....#
#.#..#
##'##...######..#.#
#.#..#
+...'.#.....##..#.#
#.#..+
#.@.#######..'.....
#.#..#
+...+.....####..#.#
#)#..#
##'####.#.####.....
#.#..##
#####.####.#...##.....
#.#...#
#[.......#.###.#...#.#
......+#
#.######.#...##'...#.#
#.#....##
#......###.##....###
........#
#.######...#.....#
#.#.(...###
#.....#..###.....#


There were no monsters in sight!

Vanquished Creatures
  An adder (D:2)
  An ooze (D:1)
  A leopard gecko (D:1)
  2 bats (D:1)
  4 goblins
  A hobgoblin (D:1)
  4 jackals (D:1)
  A kobold (D:1)
  3 frilled lizards
  2 rats (D:1)
20 creatures vanquished.

Notes
Turn   | Place    | Note
-------+----------+-------------------------------------------
     0 | D:1      | Alarkh the Demonspawn Fighter began the quest for the Orb.
     0 | D:1      | Reached XP level 1. HP: 18/18 MP: 1/1
   134 | D:1      | Gained mutation: You sometimes gain a little power by
                  | taking damage. [demonic ancestry]
   134 | D:1      | Reached XP level 2. HP: 12/24 MP: 2/2
   494 | D:2      | Gained mutation: You sometimes gain power by taking damage.
                  | [demonic ancestry]
   494 | D:2      | Reached XP level 3. HP: 17/29 MP: 3/3
   557 | D:$      | Got out of the dungeon alive.

Levels and vault maps discovered:
D:1:      nicolae_arrival_somewhat_less_tricky_arrival, layout_basic,
          minivault_19
D:2:      layout_basic, nicolae_overflow_crystal_walls, uniq_crazy_yiuf_cottage

Skill      XL: |  1  2 |
---------------+-------+-----
Long Blades    | 2 3 |  3.3
Fighting       | |  3.0
Armour         | |  2.6
Shields        | |  2.6

Action                   || total
-------------------------++-------
Melee: Long sword        ||    70
Armor: Scale mail        ||    44
Dodge: Dodged            ||    22
Block: Shield            ||    35
       Rpst.: Long sword ||     5

Table legend:
 A = Non-vault XP
 B = Vault XP
 C = Vault XP percentage of total XP
 D = Non-vault monster count
 E = Vault monster count
 F = Vault count percentage of total count
                 A         B        C        D         E       F
            +---------+---------+-------+---------+---------+-------
      Total |      51 |       0 |   0.0 |      20 |       0 |   0.0
            +---------+---------+-------+---------+---------+-------
        D:1 |      35 |       0 |   0.0 |      17 |       0 |   0.0
        D:2 |      16 |       0 |   0.0 |       3 |       0 |   0.0
            +---------+---------+-------+---------+---------+-------
